 Dungeon Crawl Stone Soup version 0.29.1-1-gd02db6906a (webtiles) character file.

Game seed: 15670717066959103751

126 safid the Shooter (level 4, -4/38 HPs)
             Began as a Minotaur Hunter on Oct 14, 2022.
             Killed by divine providence
             ... invoked by an orc priest
              (13 damage)
             ... on level 3 of the Dungeon.
             The game lasted 00:04:00 (2102 turns).

safid the Shooter (Minotaur Hunter)                 Turns: 2102, Time: 00:04:01

Health: -4/38      AC:  4    Str: 15    XL:     4   Next: 83%
Magic:  3/3        EV: 12    Int:  6    God:
Gold:   173        SH:  0    Dex: 16    Spells: 3/3 levels left

rFire   . . .      SeeInvis .   a - +0 shortbow
rCold   . . .      Faith    .   (shield currently unavailable)
rNeg    . . .      Spirit   .   c - +0 leather armour
rPois   .          Reflect  .   (helmet restricted)
rElec   .          Harm     .   (no cloak)
rCorr   .          Rampage  .   (no gloves)
Will    .....                   p - +0 pair of boots
Stlth   +.........              (no amulet)
HPRegen 0.12/turn               (no ring)
MPRegen 0.08/turn               (no ring)

@: no status effects
A: horns 2, retaliatory headbutt
a: no special abilities


You were on level 3 of the Dungeon.
You visited 1 branch of the dungeon, and saw 3 of its levels.

You collected 173 gold pieces.

Inventory:

Hand Weapons
 a - a +0 shortbow (weapon)
Armour
 c - a +0 leather armour (worn)
 p - a +0 pair of boots (worn)
Wands
 i - a wand of flame (25)
Scrolls
 b - 2 scrolls of immolation
 d - a scroll of torment {unknown}
 e - a scroll of fog {unknown}
 g - a scroll of teleportation {unknown}
 h - 3 scrolls of identify {unknown}
 n - 2 scrolls of noise {unknown}
Potions
 f - a potion of attraction {unknown}
 j - a potion of haste {unknown}
 k - a potion of mutation {unknown}
 l - 2 potions of curing {unknown}
 m - 3 potions of ambrosia {unknown}
 o - a potion of cancellation {unknown}
 q - 2 potions of heal wounds {unknown}
 r - 2 potions of flight {unknown}


   Skills:
 - Level 3.0 Fighting
 + Level 6.6 Ranged Weapons
 - Level 2.1 Dodging
 - Level 0.7 Stealth


You had 3 spell levels left.
You didn't know any spells.
Your spell library contained the following spells:

 Spells                   Type           Power      Damage    Failure   Level
 Freeze                   Ice            0%         1d3       52%         1
 Frozen Ramparts          Ice            0%         1d1       88%         3
 Stone Arrow              Conj/Erth      0%         3d7       88%         3
 Animate Armour           Summ/Erth      0%         N/A       99%         4
 Hailstorm                Conj/Ice       0%         3d3       99%         4
 Lehudib's Crystal Spear  Conj/Erth      0%         10d2      100%        8


Dungeon Overview and Level Annotations

Branches:
Dungeon (3/15)

Altars:

Shops:
D:1 *


Innate Abilities, Weirdness & Mutations

You have a pair of horns on your head.
You reflexively headbutt those who attack you in melee.


Message History

A puff of flame appears from out of thin air!
The puff of flame hits you!
You shoot an arrow.
Reactivating autopickup.
You feel a bit more experienced.
You shoot an arrow. The arrow barely misses the orc priest.
The arrow completely misses the orc.
The orc priest hits you with a +0 whip!
You are too injured to fight recklessly!
You are too injured to fight recklessly!
You are too injured to fight recklessly!
Fire: a) +0 shortbow
Press: ? - help, Q - select action, (/) - cycle Shift-Dir - straight line, f/p - orc priest
Aim: an orc priest, wielding a +0 whip (64% to hit)
You shoot an arrow.
The arrow hits the orc priest but does no damage.
The orc priest hits you with a +0 whip.
Fire: a) +0 shortbow
Press: ? - help, Q - select action, (/) - cycle Shift-Dir - straight line, f/p - orc priest
Aim: an orc priest, wielding a +0 whip (64% to hit)
You shoot an arrow. The arrow barely misses the orc priest.
The arrow hits the orc.
The orc is moderately wounded.
The orc priest hits you with a +0 whip.
Fire: a) +0 shortbow
Press: ? - help, Q - select action, (/) - cycle Shift-Dir - straight line, f/p - orc priest
Aim: an orc priest, wielding a +0 whip (64% to hit)
You shoot an arrow.
The arrow closely misses the orc priest.
The arrow hits the orc!
You kill the orc!
The orc priest barely misses you. The orc priest hits you with a +0 whip.
* * * LOW HITPOINT WARNING * * *
Fire: a) +0 shortbow
Press: ? - help, Q - select action, (/) - cycle Shift-Dir - straight line, f/p - orc priest
Aim: an orc priest, wielding a +0 whip (64% to hit)
You shoot an arrow.
The arrow hits the orc priest but does no damage.
The orc priest calls down the wrath of Beogh upon you.
Beogh smites you!
You die...

##.####........#..#.#.#
........###...........#
##.###### #.........###
##.# ######.#### ...#
#.# ...### #.# .#...#
#.# ...#.# #.# ..##.#
#@# ...... #o# ..##.##
#..o...# <.# # #.#.##.#
.....# #.#.# # #.#### #
#.# .# #.# .# #.# ..
...


You could see an orc priest and an orc.

Vanquished Creatures
  An orc wizard (D:3)
  2 adders
  2 worms
  A dart slug (D:3)
  8 orcs (D:3)
  5 ball pythons
  4 endoplasms
  5 giant cockroaches
  8 goblins
  3 hobgoblins
  7 jackals
  2 kobolds
  2 quokkas
  4 bats
  3 frilled lizards
  2 rats
59 creatures vanquished.

Vanquished Creatures (others)
  6 plants (D:3)
6 creatures vanquished.

Grand Total: 65 creatures vanquished

Notes
Turn   | Place    | Note
-------+----------+-------------------------------------------
     0 | D:1      | safid the Minotaur Hunter began the quest for the Orb.
     0 | D:1      | Reached XP level 1. HP: 18/18 MP: 0/0
   222 | D:1      | Reached XP level 2. HP: 25/25 MP: 1/1
   303 | D:1      | Found Pist's Assorted Antiques.
   403 | D:1      | Reached skill level 5 in Ranged Weapons
   465 | D:1      | Found a faded altar of an unknown god.
   798 | D:2      | You fall into a shaft and drop 1 floor!
   803 | D:3      | Reached XP level 3. HP: 31/31 MP: 2/2
   805 | D:3      | Identified the +5 glaive of Bolu {vorpal, rF+ Will+}
  1411 | D:2      | Reached XP level 4. HP: 38/38 MP: 3/3
  1418 | D:2      | Reached skill level 6 in Ranged Weapons
  2102 | D:3      | Killed from afar by an orc priest

Illustrated notes

Levels and vault maps discovered:
D:1:      dpeg_arrival_rooms_a, layout_loops_ring, serial_shops,
          nicolae_shop_overgrown_old_shop,
          dreamdust_ecumenical_altar_angels_and_demons
D:2:      layout_basic
D:3:      layout_loops_cross, serial_bayou_ford_a, dk_noncrumbling_3,
          kennysheep_generic_room_7

Skill      XL: |  1  2  3  4 |
---------------+-------------+-----
Fighting       | 3 |  3.0
Ranged Weapons | 5 6 |  6.6
Dodging        | |  2.1
Stealth        | |  0.7

Action                   |  1- 3 |  4- 6 || total
-------------------------+-------+-------++-------
Melee: Shortbow          |     1 |       ||     1
 Fire: Shortbow          |   116 |    47 ||   163
  Use: Potion            |     1 |       ||     1
Armor: Leather armour    |    13 |     5 ||    18
Dodge: Dodged            |    30 |     5 ||    35
